 Dungeon Crawl Stone Soup version 0.22-a0-348-gd16d139 (webtiles) character file.

18 iamserjio the Ducker (level 2, 0/21 HPs)
             Began as an Octopode Monk on Apr 10, 2018.
             Slain by a leopard gecko (3 damage)
             ... on level 1 of the Dungeon.
             The game lasted 00:01:27 (214 turns).

iamserjio the Ducker (Octopode Monk)                 Turns: 214, Time: 00:01:28

Health: 0/21       AC:  1    Str: 10    XL:     2   Next: 66%
Magic:  2/2        EV: 14    Int: 12    God:
Gold:   0          SH:  0    Dex: 14    Spells: 1/1 levels left

rFire    . . .     SeeInvis .   a - +0 falchion
rCold    . . .     Gourm    .   (no shield)
rNeg     . . .     Faith    .   (helmet restricted)
rPois    .         Spirit   .   (no amulet)
rElec    .         Reflect  .   (no ring)
rCorr    .         Harm     .   (no ring)
MR       .....                  (no ring)
Stlth    ++++......             (no ring)
HPRegen  0.07/turn              (no ring)
MPRegen  0.08/turn              (no ring)
                                (no ring)
                                (no ring)

@: no status effects
A: almost no armour, stealthy swim, amphibious, 8 rings, constrict 8, camouflage
1, gelatinous body 1
a: no special abilities


You were on level 1 of the Dungeon.
You were not hungry.

You visited 1 branch of the dungeon, and saw 1 of its levels.

Inventory:

Hand Weapons
 a - a +0 falchion (weapon)
Comestibles
 b - a ration
 c - a chunk of flesh


   Skills:
 - Level 3.0 Fighting
 * Level 3.3 Long Blades
 * Level 3.3 Dodging
 + Level 3.1 Stealth


You had one spell level left.
You didn't know any spells.

Dungeon Overview and Level Annotations

Branches:
Dungeon (1/15)

Altars:


Innate Abilities, Weirdness & Mutations

You cannot wear most types of armour.
You are very stealthy in the water. (Stealth+)
You are amphibious.
You can wear up to eight rings at the same time.
You can use your tentacles to constrict eight enemies at once.
Your skin changes colour to match your surroundings (Stealth+).
Your rubbery body absorbs attacks. (AC +1, EV +1)


Message History

You hit the hobgoblin but do no damage. You grab the hobgoblin.
The hobgoblin is moderately wounded.
You constrict the hobgoblin, but do no damage.
The hobgoblin closely misses you.
You riposte.
You hit the hobgoblin.
You kill the hobgoblin!
You closely miss the goblin. Your grab misses the goblin.
The goblin completely misses you.
You riposte.
You miss the goblin. You grab the goblin. The goblin hits you.
* * * LOW HITPOINT WARNING * * *
You slash the goblin!
You kill the goblin!
You barely miss the leopard gecko. Your grab misses the leopard gecko.
The leopard gecko barely misses you.
You riposte.
You closely miss the leopard gecko. Your grab misses the leopard gecko.
You hit the leopard gecko but do no damage.
You grab the leopard gecko. You squeeze the leopard gecko.
The leopard gecko is severely wounded.
You constrict the leopard gecko. The leopard gecko closely misses you.
The leopard gecko bites you.
You die...

.## >#.. ...## ###.....
#..... .........
####.#.#.#.#.#....
#.....#.#.#.#.... .
#....#.#.#.#.#.# .. .
#.....#.#.#.#..#... ...
#....#.@≈≈≈≈.#...#
....#.....#≈l[(≈#..#
.........#)≈<..≈.#.# .
......)...#≈...≈#..###..
...#.....#.≈≈≈≈≈.#......
##..##.#.#.#.#.......
#....#.#.#.#.#......
.....#?.#.#.#)#.......
.###...#.#.#.#.#.....


You could see a leopard gecko.

Vanquished Creatures
  An ooze (D:1)
  2 goblins (D:1)
  6 hobgoblins (D:1)
  A kobold (D:1)
  2 rats (D:1)
12 creatures vanquished.

Notes
Turn   | Place    | Note
-------+----------+-------------------------------------------
     0 | D:1      | iamserjio the Octopode Monk began the quest for the Orb.
     0 | D:1      | Reached XP level 1. HP: 16/16 MP: 1/1
    13 | D:1      | Reached XP level 2. HP: 15/21 MP: 2/2
    21 | D:1      | HP: 1/21 [hobgoblin (3)]
   214 | D:1      | Slain by a leopard gecko

Vault maps used:
D:1:      ncdulo_watergridlock, st_stairs_10

Skill      XL: |  1  2 |
---------------+-------+-----
Stealth        | 3 |  3.1
Fighting       | |  3.0
Long Blades    | |  3.3
Dodging        | |  3.3

Action                   || total
-------------------------++-------
Melee: Falchion          ||    26
       Constrict         ||    10
       Tentacles         ||     8
Dodge: Dodged            ||    14
       Rpst.: Falchion   ||     7

Table legend:
 A = Spawn XP
 B = Non-spawn XP
 C = Spawn XP percentage of total XP
 D = Spawn monster count
 E = Non-spawn monster count
 F = Spawn count percentage of total count
 G = Total turns spent on level
                    A         B        C        D         E        F      G
               +---------+---------+-------+---------+---------+-------+---------
         Total |       0 |      26 |   0.0 |       0 |      12 |   0.0 |   214
               +---------+---------+-------+---------+---------+-------+---------
           D:1 |       0 |      26 |   0.0 |       0 |      12 |   0.0 |   214
               +---------+---------+-------+---------+---------+-------+---------
